 Dungeon Crawl Stone Soup version 0.24-a0-584-g9d6b971ae4 (console) character file.

Game seed: 3122890356692508554, levelgen mode: deterministic

1705 G3Kappa the Cleaver (level 9, 64/64 HPs)
             Began as a Formicid Fighter on Sept 3, 2019.
             Was a Priest of Lugonu.
             Quit the game on level 6 of the Dungeon on Nov 12, 2019.
             The game lasted 00:14:49 (6993 turns).

G3Kappa the Cleaver (Formicid Fighter)              Turns: 6993, Time: 00:14:50

Health: 64/64      AC:  9    Str: 23    XL:     9   Next: 23%
Magic:  9/9        EV:  8    Int:  9    God:    Lugonu [***...]
Gold:   376        SH:  9    Dex: 10    Spells: 8/8 levels left

rFire    + . .     SeeInvis +   a - +0 war axe
rCold    + . .     Gourm    .   c - +0 shield
rNeg     . . .     Faith    +   e - +3 scale mail
rPois    .         Spirit   .   (helmet unavailable)
rElec    .         Reflect  .   i - scarf {rC+ rF+}
rCorr    .         Harm     .   (no gloves)
MR       .....                  (no boots)
Stlth    ..........             v - amulet of faith
HPRegen  0.20/turn              (no ring)
MPRegen  0.11/turn              (no ring)

@: no status effects
A: permanent stasis, dig shafts and tunnels, four strong arms, antennae 3
a: Dig, Shaft Self, Depart the Abyss, Bend Space, Banish, Renounce Religion


You were on level 6 of the Dungeon.
You worshipped Lugonu.
Lugonu was most pleased with you.
You were hungry.

You visited 2 branches of the dungeon, and saw 7 of its levels.

You collected 376 gold pieces.

Inventory:

Hand Weapons
 a - a +0 war axe (weapon)
Armour
 b - a +0 scale mail
 c - a +0 shield (worn)
 e - a +3 scale mail (worn)
 h - a +0 cloak
 i - a scarf of resistance (worn)
Jewellery
 k - an uncursed amulet of magic regeneration
 u - an uncursed ring of protection from magic {unknown}
 v - an amulet of faith (around neck)
Scrolls
 j - a scroll of magic mapping {unknown}
 l - 4 scrolls of identify {unknown}
 m - 3 scrolls of remove curse {unknown}
 p - 4 scrolls of teleportation {unknown}
 q - a scroll of fear
 s - a scroll of enchant weapon {unknown}
 t - a scroll of amnesia {unknown}
 x - a scroll of random uselessness {unknown}
Potions
 d - a potion of flight {unknown}
 g - 2 potions of curing
 n - a potion of degeneration {unknown}
 o - a potion of heal wounds {unknown}
 w - a potion of haste {unknown}
Comestibles
 f - 12 rations


   Skills:
 - Level 3.2 Fighting
 + Level 11.2 Axes
 - Level 3.2 Armour
 - Level 3.6 Shields


You had 8 spell levels left.
You didn't know any spells.
Your spell library contained the following spells:

 Spells                   Type           Power        Failure   Level  Hunger
 Beastly Appendage        Tmut           #.....       97%         1    ##.....
 Infusion                 Chrm           #...         97%         1    ##.....
 Shroud of Golubria       Chrm/Tloc      #.....       99%         2    ###....
 Song of Slaying          Chrm           #.......     99%         2    ###....
 Sticks to Snakes         Tmut           #.......     99%         2    ###....
 Regeneration             Chrm/Necr      #.........   100%        3    ####...
 Spectral Weapon          Hex/Chrm       #.......     100%        3    ####...
 Spider Form              Tmut/Pois      #.........   100%        3    ####...
 Ice Form                 Ice/Tmut       #.......     100%        4    #####..
 Blade Hands              Tmut           #.........   100%        5    ######.


Dungeon Overview and Level Annotations

Branches:
Dungeon (6/15)             Temple (1/1) D:5

Altars:
Makhleb
Xom
Lugonu

Shops:
D:5 [

Annotations:
D:6 Eustachio


Innate Abilities, Weirdness & Mutations

You cannot be hasted, slowed, berserked, paralysed or teleported.
You can dig through walls and to a lower floor.
Your four strong arms can wield two-handed weapons with a shield.
You have a pair of large antennae on your head. (SInv)


Message History

As you read the scroll labeled QAPNUT GEBB, it crumbles to dust.
You assume a fearsome visage.
Eustachio looks frightened!
It was a scroll of fear.
Eustachio casts a spell.
Eustachio blinks!
Level annotation: Eustachio Welcome back, G3Kappa the Formicid Fighter.
Lugonu says: Spread carnage and corruption!
Press ? for a list of commands and other information.
Level annotation: Eustachio Welcome back, G3Kappa the Formicid Fighter.
Lugonu says: Spread carnage and corruption!
Press ? for a list of commands and other information.
Quiver which item? (- for none, * to show all) (? for menu, Esc to quit)
Okay, then.
Are you sure you want to abandon this character and quit the game? (Confirm with "yes".)
Okay, then.
Eustachio mumbles some strange words.
Eustachio blinks!
Are you sure you want to abandon this character and quit the game? (Confirm with "yes".)

...# #.... #..# #.......
#..###..(...#
#...#......#
#######........#
..............#
..............###
#......§.....###
###..........@.###
###...........§<..#
###......#..............#
........###......###....#
.......## #.......# ##.#
........##...@....# #
####....##..........
#..................
#...#......#........
#..####....## ..# ....#


You could see Eustachio (fleeing).

Vanquished Creatures
  Pikel (D:5)
  Duvessa (D:4)
  An ice beast (D:5)
  4 slaves (D:5)
  An ogre (D:4)
  2 centaurs
  A bullfrog (D:3)
  Dowan (D:4)
  A howler monkey (D:5)
  A crimson imp (D:5)
  Crazy Yiuf (D:3)
  2 orc priests
  An iguana (D:5)
  7 orc wizards
  5 worker ants
  A worker ant zombie (D:5)
  A howler monkey zombie (D:5)
  6 adders
  An adder skeleton (D:4)
  4 worms
  2 dart slugs
  2 leopard geckos
  10 orcs
  2 ball pythons
  6 bats (D:1)
  2 giant cockroaches
  6 goblins
  9 hobgoblins
  15 jackals (D:4)
  10 kobolds
  2 frilled lizards
  A quokka skeleton (D:5)
  10 rats
120 creatures vanquished.

Notes
Turn   | Place    | Note
-------+----------+-------------------------------------------
     0 | D:1      | G3Kappa the Formicid Fighter began the quest for the Orb.
     0 | D:1      | Reached XP level 1. HP: 18/18 MP: 1/1
   294 | D:1      | Reached XP level 2. HP: 18/24 MP: 2/2
   417 | D:1      | Reached skill level 3 in Axes
   523 | D:1      | Reached XP level 3. HP: 26/29 MP: 3/3
  1260 | D:2      | Reached skill level 4 in Axes
  1260 | D:2      | Reached XP level 4. HP: 35/35 MP: 4/4
  1658 | D:2      | Found a shimmering altar of Xom.
  1659 | D:2      | Found a burning altar of Makhleb.
  1967 | D:3      | Found a runed translucent door.
  1968 | D:3      | Noticed Crazy Yiuf
  1977 | D:3      | Killed Crazy Yiuf
  2283 | D:3      | Found a faded altar of an unknown god.
  2318 | D:3      | Became a worshipper of Lugonu the Unformed
  2318 | D:3      | Reached * piety under Lugonu
  2318 | D:3      | Reached ** piety under Lugonu
  2413 | D:3      | Reached XP level 5. HP: 41/41 MP: 5/5
  2429 | D:3      | Noticed a bullfrog
  2439 | D:3      | Killed a bullfrog
  2439 | D:3      | Reached skill level 5 in Axes
  2880 | D:4      | Reached XP level 6. HP: 33/47 MP: 6/6
  2893 | D:4      | Reached skill level 6 in Axes
  3090 | D:4      | Noticed Duvessa
  3092 | D:4      | Noticed Dowan
  3100 | D:4      | Killed Duvessa
  3100 | D:4      | Reached skill level 7 in Axes
  3100 | D:4      | Reached XP level 7. HP: 22/52 MP: 7/7
  3413 | D:4      | Killed Dowan
  4084 | D:4      | Reached skill level 8 in Axes
  4462 | D:4      | Reached *** piety under Lugonu
  4706 | D:4      | Reached XP level 8. HP: 58/58 MP: 8/8
  4983 | D:5      | Entered Level 5 of the Dungeon
  4986 | D:5      | Found a staircase to the Ecumenical Temple.
  5028 | Temple   | Entered the Ecumenical Temple
  5303 | D:5      | Reached skill level 9 in Axes
  6097 | D:5      | Found Dahutoef's Armour Emporium.
  6103 | D:5      | Reached skill level 10 in Axes
  6522 | D:5      | Noticed Pikel
  6536 | D:5      | Killed Pikel
  6536 | D:5      | Reached skill level 11 in Axes
  6536 | D:5      | Reached XP level 9. HP: 61/64 MP: 9/9
  6597 | D:6      | Noticed Eustachio
  6993 | D:6      | Quit the game

Levels and vault maps discovered:
D:1:      dpeg_arrival_rooms_a, layout_basic
D:2:      layout_loops_ring, gammafunk_temple_overflow_statue
D:3:      layout_loops_ring, first_ration,
          chequers_ecumenical_altar_simple_redux, uniq_crazy_yiuf_cottage
D:4:      layout_basic, uniq_duvessa
D:5:      layout_cave_pools, minmay_temple_entry_offerings, serial_shops,
          shop_coins, minmay_misc_feat_room, minmay_fountain_box, uniq_pikel
D:6:      layout_layer_cave, overflow_temple_1_default, grunt_qazlal_sundering,
          fountainhead, uniq_eustachio, uniq_menkaure
Temple:   minmay_temple_forest_path

Skill      XL: |  1  2  3  4  5  6  7  8 |
---------------+-------------------------+-----
Axes           | 3 4 5 7 8 11 | 11.2
Fighting       | |  3.2
Armour         | |  3.2
Shields        | |  3.6

Action                   |  1- 3 |  4- 6 |  7- 9 || total
-------------------------+-------+-------+-------++-------
Melee: War axe           |   117 |    91 |   295 ||   503
  Use: Potion            |       |       |     2 ||     2
       Scroll            |       |       |     2 ||     2
 Stab: Invisible         |       |       |     1 ||     1
  Eat: Chunk             |     1 |     6 |     9 ||    16
       Ration            |       |       |     1 ||     1
Armor: Scale mail        |    80 |    30 |   137 ||   247
Dodge: Dodged            |    49 |    20 |    96 ||   165
Block: Shield            |    81 |    43 |   163 ||   287

Table legend:
 A = Non-vault XP
 B = Vault XP
 C = Vault XP percentage of total XP
 D = Non-vault monster count
 E = Vault monster count
 F = Vault count percentage of total count
                 A         B        C        D         E       F
            +---------+---------+-------+---------+---------+-------
      Total |    1529 |     907 |  37.2 |     112 |       4 |   3.4
            +---------+---------+-------+---------+---------+-------
        D:1 |      39 |       0 |   0.0 |      23 |       0 |   0.0
        D:2 |      41 |       0 |   0.0 |      18 |       0 |   0.0
        D:3 |     140 |      40 |  22.2 |      13 |       1 |   7.1
        D:4 |     640 |     238 |  27.1 |      42 |       2 |   4.5
        D:5 |     669 |     629 |  48.5 |      16 |       1 |   5.9
            +---------+---------+-------+---------+---------+-------
